AoeStats
← MooseMooch

Arabia

508834216Analyzed
1v1 RM · 9d ago on Sep 24, 2026· 51m 29s· 2 players
Game mode
Random Map
Map size
Tiny (2 player)
Population
200
Speed
Normal
Resources
Standard
Victory
Conquest
Starting age
Dark Age
Ending age
Imperial Age
RankedLock teamsTeams togetherTeam positionsShared explorationLock speedFull tech treeHidden civsTurbo modeCheats
Victory
Defeat
🇩🇪 Franks · Germany
1247
+18
🇩🇪 Vietnamese · Germany
1298
-18
MooseMooch
6:21 Loom
8:47 Feudal Age
9:55 Double-Bit Axe
15:58 Fletching
18:03 Wheelbarrow
22:39 Castle Age
23:37 Bow Saw
23:26 Bodkin Arrow
24:23 Husbandry
38:53 Imperial Age
36:57 Elite Skirmisher
37:38 Padded Archer Armor
38:39 Leather Archer Armor
39:40 Scale Barding Armor
40:15 Conscription
40:47 Chain Barding Armor
42:14 Chemistry
41:35 Ballistics
42:58 Plate Barding Armor
42:33 Forging
44:44 Scale Mail Armor
45:20 Iron Casting
44:23 Cavalier
45:29 Chivalry
46:16 Hand Cart
47:08 Blast Furnace
46:52 Paladin
51:31 Squires
Yng_Triceratops
7:53 Loom
10:04 Feudal Age
10:54 Double-Bit Axe
18:26 Castle Age
18:23 Scale Mail Armor
21:30 Squires
26:55 Horse Collar
29:24 Forging
30:25 Heavy Plow
31:44 Stone Mining
36:51 Imperial Age
35:28 Stone Shaft Mining
36:06 Fletching
36:16 Padded Archer Armor
37:14 Wheelbarrow
36:46 Gold Mining
37:17 Bodkin Arrow
38:26 Ballistics
39:13 Bracer
40:08 Leather Archer Armor
42:16 Ring Archer Armor
43:22 Paper Money
42:34 Elite Rattan Archer
44:44 Thumb Ring
46:10 Chemistry
48:20 Elite Fire Lancer
50:55 Chain Mail Armor
Connection lost

Rejoining the realm…

Still unreachable

The connection could not be restored.

Session expired

The server has moved on; the page needs a fresh start.